Workbook

Sheet Info
A1: Buchführung und HÜL Forstbetrieb Privatwald_NN
A2: Erstellen Sie Ihre Buchführung und Statistiken in Excel. Erzeugen Sie komfortabel Diagramme und
A3: Übersichten.
A5: Excel-Anwendung von
A6: WERNER LUCK
A8: INHALT | C8: Abteilung
A9: Info | D9: Dieses Blatt
A10: A | D10: Anweisung zum Gebrauch der Arbeitsmappe
A11: BA Schlüssel | D11: Baumartenschlüssel
A12: Flächennachweis | D12: Bestandslagerbuch und Flächennachweis
A13: Einn.Ausg.Liste | D13: HÜL _ Liste der Einnahmen und Ausgaben
A14: Gehrenweg | D14: Flurstücksplan und Luftbild
A15: Bestandsbuch 1 | C15: 1 | D15: Bestandsbuch Abt. 1
A16: 1 Plan | C16: 1 | D16: Maßnahmenplan Abt. 1 Auf dem Gehrenweg
A17: 1AusEin | C17: 1 | D17: Positionsbeleg Abt. 1
A18: 1Natural | C18: 1 | D18: Holzernte
A19: 1 AFN HE | C19: 1 | D19: Ausführungsnachweis Holzernte
A20: 1 AFN Sonstiges | C20: 1 | D20: Ausführungsnachweis Sonstiges
A21: Hinzert Klausrech | C21: 2 | D21: Flurstücksplan und Luftbild
A22: Bestandsbuch 2 | C22: 2 | D22: Bestandsbuch Abt. 2
A23: 2 Plan | C23: 2 | D23: Maßnahmenplan Abt. 2 Klausrech
A24: 2AusEin | C24: 2 | D24: Positionsbeleg Abt. 2
A25: 2Natural | C25: 2 | D25: Holzernte
A26: 2 AFN HE | C26: 2 | D26: Ausführungsnachweis Holzernte
A27: 2 AFN Sonstiges | C27: 2 | D27: Ausführungsnachweis Sonstiges
A30: Excel-Anwendung speziell für die Forstbetriebsbuchführung
A31: Entwickelt von Werner Luck
A32: Hauptstraße 2
A33: 54413 Beuren
A34: Tel.: 06586/986025
A35: E-Mail: wernerluck@web.de

Sheet A
A1: Anweisung zum Gebrauch der Arbeitsmappe
A3: Allgemeines
A4: Die Arbeitsmappe kann in beliebig viele Tabellenblätter aufgeteilt werden.
A5: Es empfiehlt sich für jede Abteilung (Abt.) des Waldbesitzes ein Tabellenblatt mit den zugehörigen
A6: weiteren Blättern (Bestandsbuch bis AFN Sonstiges) anzulegen.
A8: BA-Schlüssel
B9: Baumartenschlüssel nach Baumartengruppen
A11: Flächennachweis
B12: (Bestandslagerbuch) Führen Sie hier Ihre Waldflächen nach der von Ihnen gewählten
B13: Einteilung (z. B. Distrikt, Abteilung, Unterabteilung o.a.).
A15: Einnahme-Ausgabe-Liste
B16: Einnahmen und Ausgaben den Waldbesitz betreffen können Sie hier nach Kalender-
B17: jahr auflisten.
A19: Luftbild 1…
B20: Per Google können Sie hier ein Luftbild Ihres Waldbesitzes einfügen. Welche Größe
B21: Sie wählen bleibt Ihnen überlassen. Bei größerem Waldbesitz empfiehlt sich eine
B22: Aufteilung nach Abteilungen.
A24: Bestandsbuch 1…
B25: Im Bestandsbuch tragen Sie den Waldzustand und die erfolgten Maßnahmen ein.
A27: Plan
B28: Maßnahmenplan für den Waldbereich.
A30: AusEin
B31: Positionsbeleg. Ausgaben und Einnahmen für diesen Waldbereich.
A33: Natural
B34: Auflistung der in diesem Bereich getätigten Holzerntmaßnahmen mit Entnahmemengen.
A36: AFN HE
B37: Ausführungsnachweis Holzernte.
A39: AFN Sonstiges
B40: Ausführungsnachweis sonstige Arbeiten.

Sheet BA-Schlüssel
A1: Baumartenschlüssel
A3: Baumart | B3: Bezeichnung | C3: BAGr. | D3: BAGr.
A4: Abk. | C4: intern | D4: Bund
A5: Tei | B5: Traubeneiche | C5: Ei | D5: Ei
A6: Sei | B6: Stieleiche | C6: Ei | D6: Ei
A7: ÜEi | B7: übrige Eichen | C7: Ei | D7: Ei
A8: Rei | B8: Roteiche | C8: Ei | D8: Ei
A9: Bu | B9: Buche | C9: Bu | D9: Bu
A10: Pap | B10: Pappel | C10: SLbh | D10: Bu
A11: Ulm | B11: Ulme | C11: SLbh | D11: Bu
A12: Es | B12: Esche | C12: SLbh | D12: Bu
A13: Bah | B13: Bergahorn | C13: SLbh | D13: Bu
A14: Sah | B14: Spitzahorn | C14: SLbh | D14: Bu
A15: Kir | B15: Kirsche | C15: SLbh | D15: Bu
A16: Lin | B16: Linde | C16: SLbh | D16: Bu
... A46: ALä | B46: andere Lärchen | C46: JLä | D46: Ki

Sheet Flächennachweis
A1: Bestandslagerbuch
A2: Privatwald NN
A3: Abt. | B3: Gemar= | C3: Name | D3: BA | E3: Fläche | F3: Alter | G3: EK | H3: BG | I3: Entstehungs- | J3: Bestandsgeschichte | K3: Bemerkungen
B4: kung | E4: ha | F4: Jahre | I4: Art
A12: Sa.. | E12: =SUM(E5:E11) -> 0

Sheet Einn._Ausg.Liste €
A1: Privatwald NN
A2: Einnahme-/Ausgabeliste | G2: KJ xxx
A3: Nr.: | B3: Datum | C3: Beschreibung | D3: Einnahme | E3: Ausgabe | F3: Saldo | G3: Bemerkungen
D4: € | E4: € | F4: €
A5: 1
A6: 2
A7: 3
A8: 4 | I8: Dieses Blatt können Sie beliebig erweitern.
A9: 5 | I9: Gesamte vorletzte Zeile (Nr. 37) markieren (Mauszeiger in die 37 setzen!)
A10: 6 | I10: und strg u. + solange drücken, wie Sie zusätzliche Zeilen benötigen.
A11: 7 | I11: (Die Summespalen werden automatisch erweitert).
A12: 8
A13: 9 | F13: =IF(B13,(F12-E13)+D13,"")
A14: 10 | F14: =IF(B14,(F13-E14)+D14,"")
A15: 11 | F15: =IF(B15,(F14-E15)+D15,"")
A16: 12 | F16: =IF(B16,(F15-E16)+D16,"")
A17: 13 | F17: =IF(B17,(F16-E17)+D17,"")
A18: 14 | F18: =IF(B18,(F17-E18)+D18,"")
A19: 15 | F19: =IF(B19,(F18-E19)+D19,"")
A20: 16 | F20: =IF(B20,(F19-E20)+D20,"")
A21: 17 | F21: =IF(B21,(F20-E21)+D21,"")
A22: 18 | F22: =IF(B22,(F21-E22)+D22,"")
A23: 19 | F23: =IF(B23,(F22-E23)+D23,"")
A24: 20 | F24: =IF(B24,(F23-E24)+D24,"")
... A36: 32 | F36: =IF(B36,(F35-E36)+D36,"")
A38: Summe: | D38: =SUM(D5:D37) -> 0 | E38: =SUM(E5:E37) -> 0 | F38: =D38-E38 -> 0 | G38: Kontrolle

Sheet GuV 04
A1: G u V 2004
A2: Einnahmen | D2: Ausgaben
A3: Bezeichnung | B3: SOLL | C3: IST | D3: Bezeichnung | E3: SOLL | F3: IST
B4: € | C4: € | E4: € | F4: €
A5: Holzverkauf | C5: 83.58 | D5: Waldarbeiterlöhne | E5: =Mittel!B23 -> 0 | F5: ='1 AusEin'!D18+#REF! -> #REF!
A6: Nebennutzung | D6: Unternehmereinsatz
A7: Nutzungsentsch. | D7: Sachaufwand | E7: =Mittel!D23 -> 0 | F7: ='1 AusEin'!F18+#REF! -> #REF!
A8: Jagd | D8: Summe Forstbetrieb: | E8: =SUM(E5:E7) -> 0 | F8: =SUM(F5:F7) -> #REF!
A9: Vermischte Einn. | D9: Beförsterung
A10: Sonstiges | D10: Verwaltung, Gebühren | E10: 60 | F10: ='Einn._Ausg.Liste €'!E6 -> 0
D11: Sonstiges, Steuern | E11: 5.76
D12: Waldbauverein, Brandversicherung | E12: 10.76
A13: Gesamt | B13: =SUM(B5:B12) -> 0 | C13: =SUM(C5:C12) -> 83.58 | D13: Gesamt | E13: =SUM(E8:E12) -> 76.52 | F13: =SUM(F8:F12) -> #REF!
A14: Saldo | D14: Saldo | E14: =B13-E13 -> -76.52
D15: Ergebnis (Gewinn/Verlust) | F15: =C13-F13 -> #REF!

Sheet Einn._Ausg.Liste DM
A1: Privatwald Luck
A2: Einnahme-/Ausgabeliste
A3: Nr.: | B3: Datum | C3: Beschreibung | D3: Einnahme | E3: Ausgabe | F3: Saldo | G3: Bemerkungen
D4: DM | E4: DM | F4: DM
A5: 1 | B5: 32757 | C5: Betriebsstoffe | E5: 66.98 | F5: =D5-E5 -> -66.98
A6: 2 | B6: 32758 | C6: Holzerntekosten | E6: 1200 | F6: =D6-E6+F5 -> -1266.98
A7: 3 | B7: 32878 | C7: Erwerb | E7: 12500 | F7: =D7-E7+F6 -> -13766.98 | G7: siehe Akte Grundbesitz
A8: 4 | B8: 32874 | C8: Waldbauverein | E8: 5.76 | F8: =D8-E8+F7 -> -13772.74 | G8: incl. Waldbrandversicherung
A9: 5 | B9: 32890 | C9: Rückekosten | E9: 600 | F9: =D9-E9+F8 -> -14372.74
A10: 6 | B10: 32899 | C10: Holzkaufpreis | D10: 2491 | F10: =D10-E10+F9 -> -11881.74 | G10: Fa. Holtzmann
A11: 7 | B11: 33239 | C11: Waldbauverein | E11: 5.76 | F11: =D11-E11+F10 -> -11887.5 | G11: incl. Waldbrandversicherung
A12: 8 | B12: 33604 | C12: Waldbauverein | E12: 5.76 | F12: =D12-E12+F11 -> -11893.26 | G12: incl. Waldbrandversicherung
A13: 9 | B13: 33606 | C13: Zuschuß Land | D13: 300 | F13: =D13-E13+F12 -> -11593.26 | G13: Förderung Forst
A14: 10 | B14: 33862 | C14: Grundsteuer A | E14: 11.52 | F14: =D14-E14+F13 -> -11604.78
A15: 11 | B15: 33970 | C15: Waldbauverein | E15: 10.76 | F15: =D15-E15+F14 -> -11615.54 | G15: incl. Waldbrandversicherung
A16: 12 | B16: 34196 | C16: Grundsteuer A | E16: 5.76 | F16: =D16-E16+F15 -> -11621.3
A17: 13 | B17: 34335 | C17: Waldbauverein | E17: 10.76 | F17: =D17-E17+F16 -> -11632.06 | G17: incl. Waldbrandversicherung
A18: 14 | B18: 34561 | C18: Grundsteuer A | E18: 5.76 | F18: =D18-E18+F17 -> -11637.82
A19: 15 | B19: 34700 | C19: Waldbauverein | E19: 10.76 | F19: =D19-E19+F18 -> -11648.58 | G19: incl. Waldbrandversicherung
A20: 16 | B20: 34926 | C20: Grundsteuer A | E20: 5.76 | F20: =D20-E20+F19 -> -11654.34
A21: 17 | B21: 35065 | C21: Waldbauverein | E21: 10.76 | F21: =D21-E21+F20 -> -11665.1 | G21: incl. Waldbrandversicherung
A22: 18 | B22: 35292 | C22: Grundssteuer A | E22: 5.76 | F22: =D22-E22+F21 -> -11670.86
A23: 19 | B23: 35431 | C23: Waldbauverein | E23: 10.76 | F23: =D23-E23+F22 -> -11681.62 | G23: incl. Waldbrandversicherung
A24: 20 | B24: 35657 | C24: Grundsteuer A | E24: 5.76 | F24: =D24-E24+F23 -> -11687.38
A25: 21 | B25: 35796 | C25: Waldbauverein | E25: 10.76 | F25: =D25-E25+F24 -> -11698.14 | G25: incl. Waldbrandversicherung
A26: 22 | B26: 36022 | C26: Grundsteuer A | E26: 5.76 | F26: =D26-E26+F25 -> -11703.9
A27: 23 | B27: 36161 | C27: Waldbauverein | E27: 10.76 | F27: =D27-E27+F26 -> -11714.66 | G27: incl. Waldbrandversicherung
A28: 24 | B28: 36526 | C28: Waldbauverein | E28: 10.76 | F28: =D28-E28+F27 -> -11725.42 | G28: incl. Waldbrandversicherung
A29: 25 | B29: 1999 | C29: Grundsteuer A | E29: 5.76 | F29: =D29-E29+F28 -> -11731.18
A30: 26 | B30: 2000 | C30: Grundsteuer A | E30: 5.76 | F30: =D30-E30+F29 -> -11736.94
A31: 27 | B31: 2001 | C31: Grundsteuer A | E31: 5.76 | F31: =D31-E31+F30 -> -11742.7
A32: 28 | B32: 36892 | C32: Waldbauverein | E32: 10.76 | F32: =D32-E32+F31 -> -11753.46 | G32: incl. Waldbrandversicherung
A33: 29 | B33: 37025 | C33: Fa. Karl Decker, Kaufpreis | D33: 720.07 | F33: =D33-E33+F32 -> -11033.39
A34: 30 | B34: 37049 | C34: Fa. Stora Enso, Kaufpreis | D34: 636.12 | F34: =D34-E34+F33 -> -10397.27
A35: 31 | B35: 37123 | C35: Stützpunkt Hermeskeil | E35: 699.67 | F35: =D35-E35+F34 -> -11096.94
A36: 32 | B36: 37209 | C36: FoA Hermeskeil, Gebühren | E36: 30 | F36: =D36-E36+F35 -> -11126.94 | G36: Holzverkauf
A37: Summe: | D37: =SUM(D5:D36) -> 4147.19 | E37: =SUM(E5:E36) -> 15274.13 | F37: =D37-E37 -> -11126.94

Sheet GuV 02
A1: G u V 2002
A2: Einnahmen | D2: Ausgaben
A3: Bezeichnung | B3: SOLL | C3: IST | D3: Bezeichnung | E3: SOLL | F3: IST
B4: DM | C4: DM | E4: DM | F4: DM
A5: Holzverkauf | B5: 2000 | D5: Waldarbeiterlöhne | E5: =Mittel!B23 -> 0 | F5: ='1 AusEin'!D18+#REF! -> #REF!
A6: Nebennutzung | D6: Unternehmereinsatz | E6: 1200
A7: Nutzungsentsch. | D7: Sachaufwand | E7: =Mittel!D23 -> 0 | F7: ='1 AusEin'!F18+#REF! -> #REF!
A8: Jagd | D8: Summe Forstbetrieb: | E8: =SUM(E5:E7) -> 1200 | F8: =SUM(F5:F7) -> #REF!
A9: Vermischte Einn. | D9: Beförsterung
A10: Sonstiges | D10: Verwaltung, Gebühren | E10: 60
D11: Sonstiges, Steuern | E11: 5.76
D12: Waldbauverein, Brandversicherung | E12: 10.76
A13: Gesamt | B13: =SUM(B5:B12) -> 2000 | C13: =SUM(C5:C12) -> 0 | D13: Gesamt | E13: =SUM(E8:E12) -> 1276.52 | F13: =SUM(F8:F12) -> #REF!
A14: Saldo | D14: Saldo | E14: =B13-E13 -> 723.48
D15: Ergebnis (Gewinn/Verlust) | F15: =C13-F13 -> #REF!

Sheet GuV 01
A1: G u V 2001
A2: Einnahmen | D2: Ausgaben
A3: Bezeichnung | B3: SOLL | C3: IST | D3: Bezeichnung | E3: SOLL | F3: IST
B4: DM | C4: DM | E4: DM | F4: DM
A5: Holzverkauf | B5: =Mittel!G8 -> 3080 | C5: ='1 AusEin'!G29+#REF! -> #REF! | D5: Waldarbeiterlöhne | E5: =Mittel!B23 -> 0 | F5: ='1 AusEin'!D18+#REF! -> #REF!
A6: Nebennutzung | D6: Unternehmereinsatz | E6: =Mittel!C23 -> #REF! | F6: ='1 AusEin'!E18+#REF! -> #REF!
A7: Nutzungsentsch. | D7: Sachaufwand | E7: =Mittel!D23 -> 0 | F7: ='1 AusEin'!F18+#REF! -> #REF!
A8: Jagd | D8: Summe Forstbetrieb: | E8: =SUM(E5:E7) -> #REF! | F8: =SUM(F5:F7) -> #REF!
A9: Vermischte Einn. | D9: Beförsterung
A10: Sonstiges | D10: Verwaltung, Gebühren | E10: 60 | F10: 30
D11: Sonstiges, Steuern | E11: 5.76 | F11: 5.76
D12: Waldbauverein, Brandversicherung | E12: 10.76 | F12: 10.76
A13: Gesamt | B13: =SUM(B5:B12) -> 3080 | C13: =SUM(C5:C12) -> #REF! | D13: Gesamt | E13: =SUM(E8:E12) -> #REF! | F13: =SUM(F8:F12) -> #REF!
A14: Saldo | D14: Saldo | E14: =B13-E13 -> #REF!
D15: Ergebnis (Gewinn/Verlust) | F15: =C13-F13 -> #REF!

Sheet Mittel
A1: Privatwald Luck | C1: Forstbetrieb | G1: FWJ 2001
A2: Zusammenstellung
A3: der veranschlagten Ausgaben und Einnahmen
A4: Zweckbestimmung | B4: Ausgaben | F4: Einnahmen
B5: L ö h n e | C5: Unter- | D5: Sach- | E5: G e s a m t | F5: je Einheit | G5: Gesamt
C6: nehmer | D6: aufwand
B7: DM | C7: DM | D7: DM | E7: DM | F7: DM | G7: DM
A8: Holzernte | C8: ='1 Plan'!#REF!+#REF! -> #REF! | E8: =SUM(B8:D8) -> #REF! | F8: 70 | G8: 3080
A9: Forstnebenerzeugnisse | E9: =SUM(B9:D9) -> 0
A10: Bestandsbegründung | E10: =SUM(B10:D10) -> 0
A11: Bestandspflege | E11: =SUM(B11:D11) -> 0
A12: Forstschutz | E12: =SUM(B12:D12) -> 0
A13: Wege- und Wasserbau | E13: =SUM(B13:D13) -> 0
A14: Vermessung, Gebäude | E14: =SUM(B14:D14) -> 0
A15: Immissionen | E15: =SUM(B15:D15) -> 0
A16: Landespflege | E16: =SUM(B16:D16) -> 0
A17: Jagd | E17: =SUM(B17:D17) -> 0
A18: Vermischtes | E18: =SUM(B18:D18) -> 0
A19: Aus- und Fortbildung | E19: =SUM(B19:D19) -> 0
A20: Soziale Leistungen | E20: =SUM(B20:D20) -> 0
A23: Summe Betrieb: | B23: =SUM(B8:B22) -> 0 | C23: =SUM(C8:C22) -> #REF! | D23: =SUM(D8:D22) -> 0 | E23: =SUM(B23:D23) -> #REF! | G23: =SUM(G8:G22) -> 3080
A24: Gewinn/Verlust: | G24: =G23-E23 -> #REF!

Sheet Fällungsplan
A1: Privatwald Luck | F1: FWJ 2002
A2: Zusammenstellung
A3: Fällungsplan
A5: Pos. | B5: Planung | D5: Ausführung | F5: Bemerkungen
B6: Fläche | C6: Efm o.R. | D6: Fläche | E6: Efm o.R.
A7: 1 | B7: ='1 Plan'!#REF! -> #REF! | C7: ='1 Plan'!#REF! -> #REF!
A8: 2 | B8: =#REF! -> #REF! | C8: =#REF! -> #REF!
A20: SA.: | B20: =SUM(B7:B19) -> #REF! | C20: =SUM(C7:C19) -> #REF! | D20: =SUM(D7:D19) -> 0 | E20: =SUM(E7:E19) -> 0

Sheet Luftbild 1

Sheet Bestandsbuch 1
A1: Bestandsbuch
A2: Abt. | B2: Gemarkung | C2: Flur | D2: Flurstück Nr. | E2: Name | G2: Größe | H2: EK | I2: BG | J2: Vorrat / fm
A4: Bestandsbegründung | B4: Baumart (en) | C4: Kommentar | D4: Alter | E4: Maßnahmen | J4: Ausführung | K4: Bemerkungen
A5: Jahr | D5: aktuell | E5: Jahr | F5: Art | G5: Baumart (en) | H5: Menge | I5: Einheit | J5: durch

Sheet 1 Plan
A1: Maßnahmenplan
A2: Gemarkung: | G2: Waldort: Abt.: | J2: Abt.Namen: | O2: Fläche
A3: Holzernte | M3: Sonstiges
A4: BA. | B4: KJ | C4: BA | D4: ha | E4: Alter | F4: EK | G4: BG | H4: Sorte/ | I4: Sorten= | J4: fm/ | K4: Ernte masse | L4: Bemerkungen | M4: BA. | N4: Maßnahme | O4: KJ | P4: BA | Q4: Verband | R4: Alter | S4: Menge | T4: Bemerkungen
A5: Gr. | H5: Güte | I5: masse | J5: ha | K5: fm o.R. | M5: Gr. | N5: Art
A6: =VLOOKUP(C6,'BA-Schlüssel'!$A$5:$C$46,3,FALSE) -> #N/A | K6: =J6*D6 -> 0 | M6: =VLOOKUP(P6,'BA-Schlüssel'!$A$5:$C$46,3,FALSE) -> #N/A
A7: =VLOOKUP(C7,'BA-Schlüssel'!$A$5:$C$46,3,FALSE) -> #N/A | K7: =J7*D7 -> 0 | M7: =VLOOKUP(P7,'BA-Schlüssel'!$A$5:$C$46,3,FALSE) -> #N/A
A8: =VLOOKUP(C8,'BA-Schlüssel'!$A$5:$C$46,3,FALSE) -> #N/A | K8: =J8*D8 -> 0 | M8: =VLOOKUP(P8,'BA-Schlüssel'!$A$5:$C$46,3,FALSE) -> #N/A
A9: =VLOOKUP(C9,'BA-Schlüssel'!$A$5:$C$46,3,FALSE) -> #N/A | K9: =J9*D9 -> 0 | M9: =VLOOKUP(P9,'BA-Schlüssel'!$A$5:$C$46,3,FALSE) -> #N/A
A10: =VLOOKUP(C10,'BA-Schlüssel'!$A$5:$C$46,3,FALSE) -> #N/A | K10: =J10*D10 -> 0 | M10: =VLOOKUP(P10,'BA-Schlüssel'!$A$5:$C$46,3,FALSE) -> #N/A
A11: =VLOOKUP(C11,'BA-Schlüssel'!$A$5:$C$46,3,FALSE) -> #N/A | K11: =J11*D11 -> 0 | M11: =VLOOKUP(P11,'BA-Schlüssel'!$A$5:$C$46,3,FALSE) -> #N/A
A12: =VLOOKUP(C12,'BA-Schlüssel'!$A$5:$C$46,3,FALSE) -> #N/A | K12: =J12*D12 -> 0 | M12: =VLOOKUP(P12,'BA-Schlüssel'!$A$5:$C$46,3,FALSE) -> #N/A
A13: =VLOOKUP(C13,'BA-Schlüssel'!$A$5:$C$46,3,FALSE) -> #N/A | K13: =J13*D13 -> 0 | M13: =VLOOKUP(P13,'BA-Schlüssel'!$A$5:$C$46,3,FALSE) -> #N/A
A14: =VLOOKUP(C14,'BA-Schlüssel'!$A$5:$C$46,3,FALSE) -> #N/A | K14: =J14*D14 -> 0 | M14: =VLOOKUP(P14,'BA-Schlüssel'!$A$5:$C$46,3,FALSE) -> #N/A
A15: =VLOOKUP(C15,'BA-Schlüssel'!$A$5:$C$46,3,FALSE) -> #N/A | K15: =J15*D15 -> 0 | M15: =VLOOKUP(P15,'BA-Schlüssel'!$A$5:$C$46,3,FALSE) -> #N/A
A16: =VLOOKUP(C16,'BA-Schlüssel'!$A$5:$C$46,3,FALSE) -> #N/A | K16: =J16*D16 -> 0 | M16: =VLOOKUP(P16,'BA-Schlüssel'!$A$5:$C$46,3,FALSE) -> #N/A
A17: =VLOOKUP(C17,'BA-Schlüssel'!$A$5:$C$46,3,FALSE) -> #N/A | K17: =J17*D17 -> 0 | M17: =VLOOKUP(P17,'BA-Schlüssel'!$A$5:$C$46,3,FALSE) -> #N/A
... A25: =VLOOKUP(C25,'BA-Schlüssel'!$A$5:$C$46,3,FALSE) -> #N/A | K25: =J25*D25 -> 0 | M25: =VLOOKUP(P25,'BA-Schlüssel'!$A$5:$C$46,3,FALSE) -> #N/A

Sheet 1 AusEin
A1: Positionsbeleg | D1: Abt.: 1
A2: Ausführung
A3: Ausgaben
A4: Datum | B4: Bezeichnung | C4: KJ | D4: Löhne | E4: Unternehmer | F4: Sachkosten | G4: Gesamt
D6: € | E6: € | F6: € | G6: €
A7: Veranschlagt
A18: Summe: | D18: =SUM(D8:D17) -> 0 | E18: =SUM(E8:E17) -> 0 | F18: =SUM(F8:F17) -> 0 | G18: =SUM(G8:G17) -> 0
A19: Einnahmen
A20: Rechnung | E20: Sortiment | F20: fm | G20: Gesamt
A21: vom | B21: Käufer | D21: Nr.: | F21: € | G21: €
F29: Summe: | G29: =SUM(G22:G28) -> 0

Sheet 1 Natural
A1: Holzernte
A2: HHJ | B2: Bemerkungen | C2: Fläche | D2: HAB- | H2: IST-Einschlag mit NH
C3: ha | D3: Name | E3: Eiche | F3: Buche | G3: S.Lbh. | H3: Fichte | I3: Dougl. | J3: Kiefer | K3: Lärche | L3: S.Ndh. | M3: Gesamt
E4: fm o.R. | F4: fm o.R. | G4: fm o.R. | H4: fm o.R. | I4: fm o.R. | J4: fm o.R. | K4: fm o.R. | L4: fm o.R. | M4: fm o.R.
M5: =SUM(E5:L5) -> 0
A41: Sa.: | C41: =SUM(C5:C40) -> 0 | E41: =SUM(E5:E40) -> 0 | F41: =SUM(F5:F40) -> 0 | G41: =SUM(G5:G40) -> 0 | H41: =SUM(H5:H40) -> 0 | I41: =SUM(I5:I40) -> 0 | J41: =SUM(J5:J40) -> 0 | K41: =SUM(K5:K40) -> 0 | L41: =SUM(L5:L40) -> 0 | M41: =SUM(E41:L41) -> 0
A42: Einschlag je ha | M42: =M41/C41 -> #DIV/0!

Sheet 1 AFN HE 
A1: Ausführungsnachweis Holzernte
A2: Datum | B2: Ort | C2: Maße | E2: Art der Arbeit oder Leistung | O2: Leistungsnachweis
A3: Zeit der | B3: Abt. | C3: (Fläche, | D3: Einheit | E3: Naturaldaten | O3: Arbeit- | P3: Aufwand/Material | S3: Abrechnung
A4: Ausführung | B4: U-Abt. | C4: Länge | D4: (ha, lfm, | E4: Baum- | F4: Arbeitsverfahren | G4: Ausführende / er | H4: EFM o.R. | I4: Sortimente | O4: Einsatz- | P4: Art | Q4: Einh. | R4: Menge
A5: Rechnung | C5: u. dgl.) | D5: cbm, ST | E5: art | H5: gesamt | I5: Abschn. | J5: Abschn. | K5: Abschn. | L5: ILN | M5: ISFK | N5: Palette | O5: Std. | S5: Einheit | T5: €
A6: vom | C6: in Ziffern | D6: u.a.) | E6: / en | I6: 2a + | J6: 1b | K6: 1 a
A36: Summen: | C36: =SUM(C7:C35) -> 0 | H36: =SUM(H7:H35) -> 0 | I36: =SUM(I7:I35) -> 0 | J36: =SUM(J7:J35) -> 0 | K36: =SUM(K7:K35) -> 0 | L36: =SUM(L7:L35) -> 0 | M36: =SUM(M7:M35) -> 0 | N36: =SUM(N7:N35) -> 0
A37: Bemerkungen:
P38: Gesamtkosten
A39: Arbeitsverfahren: | P39: Materialzugang: (plus)
A40: Witterung, Besonderheiten: | P40: Materialreste: (minus)
P41: Wirkliche Kosten:

Sheet 1 AFN Sonstiges
A1: Ausführungsnachweis Sonstige Arbeiten
A2: Datum | B2: Ort | C2: Maße | E2: Art der Arbeit oder Leistung | M2: Leistungsnachweis
A3: Zeit der | B3: Abt. | C3: (Fläche, | D3: Einheit | E3: einfache Arbeiten oder Leistungen: | M3: Arbeit | N3: Aufwand/Material | Q3: Unternehmer
A4: Ausführung | B4: U-Abt. | C4: Länge | D4: (ha, lfm, | M4: Std. | N4: Art | O4: Einh. | P4: Menge | Q4: Einsatzart | R4: Einh. | S4: Menge
A5: Rechnung | C5: u. dgl.) | D5: cbm, ST
A6: vom | C6: in Ziffern | D6: u.a.)
A7: Zeit der | B7: Abt. | C7: (Fläche, | D7: Einheit | E7: bei Saat oder Pflanzung unter Verwendung von: | M7: Arbeit | N7: Aufwand/Material | Q7: Unternehmer
A8: Ausführung | B8: U-Abt. | C8: Länge | D8: (ha, lfm, | E8: Baum- | F8: Stück | G8: Sorte | H8: Verband | I8: bezogen von: | K8: Provenienz | L8: Saat- oder Pflanz= | M8: Std. | N8: Art | O8: Einh. | P8: Menge | Q8: Einsatzart | R8: Einh. | S8: Menge
A9: Rechnung | C9: u. dgl.) | D9: cbm, ST | E9: art | F9: kg | L9: methode, Gerät
A10: vom | C10: in Ziffern | D10: u.a.)
A11: Zeit der | B11: Abt. | C11: (Fläche, | D11: Einheit | E11: Pflanzung | M11: Arbeit | N11: Aufwand/Material | Q11: Unternehmer
A12: Ausführung | B12: U-Abt. | C12: Länge | D12: (ha, lfm, | E12: Baum- | F12: Pflanzverband | H12: Anzahl | I12: Anzahl | J12: Pflanzmethode | L12: Herkunft | M12: Std. | N12: Art | O12: Einh. | P12: Menge | Q12: Einsatzart | R12: Einh. | S12: Menge
A13: Rechnung | C13: u. dgl.) | D13: cbm, ST | E13: art | H13: Klumpen
A14: vom | C14: in Ziffern | D14: u.a.)
A15: Zeit der | B15: Abt. | C15: (Fläche, | D15: Einheit | E15: Wildschadensverhütung | M15: Arbeit | N15: Aufwand/Material | Q15: Unternehmer
A16: Ausführung | B16: U-Abt. | C16: Länge | D16: (ha, lfm, | E16: Baum- | F16: Schäl- | G16: Zaunbau | J16: Verbiß- u. | M16: Std. | N16: Art | O16: Einh. | P16: Menge | Q16: Einsatzart | R16: Einh. | S16: Menge
A17: Rechnung | C17: u. dgl.) | D17: cbm, ST | E17: art | F17: schutz | G17: Neubau | H17: Abbau | I17: Reparatur | J17: Fegeschutz
A18: vom | C18: in Ziffern | D18: u.a.) | F18: ha | G18: lfm | H18: lfm | I18: (lfm)
A19: Zeit der | B19: Abt. | C19: (Fläche, | D19: Einheit | E19: Waldschutz/Holzschutz | M19: Arbeit | N19: Aufwand/Material | Q19: Unternehmer
A20: Ausführung | B20: U-Abt. | C20: Länge | D20: (ha, lfm, | E20: Baum- | F20: Menge/Masse | H20: Schutz | I20: Mittel | L20: Wasser | M20: Std. | N20: Art | O20: Einh. | P20: Menge | Q20: Einsatzart | R20: Einh. | S20: Menge
A21: Rechnung | C21: u. dgl.) | D21: cbm, ST | E21: Holz- | F21: Einh. | G21: Quantum | H21: gegen: | I21: Einh. | J21: Art | K21: Menge | L21: Menge
A22: vom | C22: in Ziffern | D22: u.a.) | E22: art
A23: Zeit der | B23: Abt. | C23: (Fläche, | D23: Einheit | E23: Wegebau und Wasserbau | M23: Arbeit | N23: Aufwand/Material | Q23: Unternehmer
A24: Ausführung | B24: U-Abt. | C24: Länge | D24: (ha, lfm, | E24: Wege- | F24: Neubau | H24: Unterhaltung | J24: Material | L24: Wasserbau | M24: Std. | N24: Art | O24: Einh. | P24: Menge | Q24: Einsatzart | R24: Einh. | S24: Menge
A25: Rechnung | C25: u. dgl.) | D25: cbm, ST | E25: Nr.: | F25: Länge | G25: Breite | H25: Länge | I25: Breite | J25: Art / Einh. | K25: Menge
A26: vom | C26: in Ziffern | D26: u.a.) | F26: lfm | G26: m | H26: lfm | I26: m
J37: 0
A58: Summen: | C58: =SUM(C27:C57) -> 0 | H58: =SUM(H27:H57) -> 0 | I58: =SUM(I27:I57) -> 0 | M58: =SUM(M27:M57) -> 0 | P58: =SUM(P27:P57) -> 0
A59: Bemerkungen:
N60: Gesamtkosten | Q60: 0
A61: Arbeitsverfahren: | N61: Materialzugang: (plus)
A62: Witterung, Besonderheiten: | N62: Materialreste: (minus)
N63: Wirkliche Kosten: | Q63: =Q60+Q61-Q62 -> 0 | S63: ohne LNK

Sheet Luftbild 2

Sheet Bestandsbuch 2
A1: Bestandsbuch
A2: Abt. | B2: Gemarkung | C2: Flur | D2: Flurstück Nr. | E2: Name | G2: Größe | H2: EK | I2: BG | J2: Vorrat / fm
A4: Bestandsbegründung | B4: Baumart (en) | C4: Kommentar | D4: Alter | E4: Maßnahmen | J4: Ausführung | K4: Bemerkungen
A5: Jahr | D5: aktuell | E5: Jahr | F5: Art | G5: Baumart (en) | H5: Menge | I5: Einheit | J5: durch

Sheet 2 Plan
A1: Maßnahmenplan
A2: Gemarkung: | G2: Waldort: Abt.: | J2: Abt.Namen: | O2: Fläche
A3: Holzernte | M3: Sonstiges
A4: BA. | B4: KJ | C4: BA | D4: ha | E4: Alter | F4: EK | G4: BG | H4: Sorte/ | I4: Sorten= | J4: fm/ | K4: Ernte masse | L4: Bemerkungen | M4: BA. | N4: Maßnahme | O4: KJ | P4: BA | Q4: Verband | R4: Alter | S4: Menge | T4: Bemerkungen
A5: Gr. | H5: Güte | I5: masse | J5: ha | K5: fm o.R. | M5: Gr. | N5: Art
A6: =VLOOKUP(C6,'BA-Schlüssel'!$A$5:$C$46,3,FALSE) -> #N/A | K6: =J6*D6 -> 0 | M6: =VLOOKUP(P6,'BA-Schlüssel'!$A$5:$C$46,3,FALSE) -> #N/A
A7: =VLOOKUP(C7,'BA-Schlüssel'!$A$5:$C$46,3,FALSE) -> #N/A | K7: =J7*D7 -> 0 | M7: =VLOOKUP(P7,'BA-Schlüssel'!$A$5:$C$46,3,FALSE) -> #N/A
A8: =VLOOKUP(C8,'BA-Schlüssel'!$A$5:$C$46,3,FALSE) -> #N/A | K8: =J8*D8 -> 0 | M8: =VLOOKUP(P8,'BA-Schlüssel'!$A$5:$C$46,3,FALSE) -> #N/A
A9: =VLOOKUP(C9,'BA-Schlüssel'!$A$5:$C$46,3,FALSE) -> #N/A | K9: =J9*D9 -> 0 | M9: =VLOOKUP(P9,'BA-Schlüssel'!$A$5:$C$46,3,FALSE) -> #N/A
A10: =VLOOKUP(C10,'BA-Schlüssel'!$A$5:$C$46,3,FALSE) -> #N/A | K10: =J10*D10 -> 0 | M10: =VLOOKUP(P10,'BA-Schlüssel'!$A$5:$C$46,3,FALSE) -> #N/A
A11: =VLOOKUP(C11,'BA-Schlüssel'!$A$5:$C$46,3,FALSE) -> #N/A | K11: =J11*D11 -> 0 | M11: =VLOOKUP(P11,'BA-Schlüssel'!$A$5:$C$46,3,FALSE) -> #N/A
A12: =VLOOKUP(C12,'BA-Schlüssel'!$A$5:$C$46,3,FALSE) -> #N/A | K12: =J12*D12 -> 0 | M12: =VLOOKUP(P12,'BA-Schlüssel'!$A$5:$C$46,3,FALSE) -> #N/A
A13: =VLOOKUP(C13,'BA-Schlüssel'!$A$5:$C$46,3,FALSE) -> #N/A | K13: =J13*D13 -> 0 | M13: =VLOOKUP(P13,'BA-Schlüssel'!$A$5:$C$46,3,FALSE) -> #N/A
A14: =VLOOKUP(C14,'BA-Schlüssel'!$A$5:$C$46,3,FALSE) -> #N/A | K14: =J14*D14 -> 0 | M14: =VLOOKUP(P14,'BA-Schlüssel'!$A$5:$C$46,3,FALSE) -> #N/A
A15: =VLOOKUP(C15,'BA-Schlüssel'!$A$5:$C$46,3,FALSE) -> #N/A | K15: =J15*D15 -> 0 | M15: =VLOOKUP(P15,'BA-Schlüssel'!$A$5:$C$46,3,FALSE) -> #N/A
A16: =VLOOKUP(C16,'BA-Schlüssel'!$A$5:$C$46,3,FALSE) -> #N/A | K16: =J16*D16 -> 0 | M16: =VLOOKUP(P16,'BA-Schlüssel'!$A$5:$C$46,3,FALSE) -> #N/A
A17: =VLOOKUP(C17,'BA-Schlüssel'!$A$5:$C$46,3,FALSE) -> #N/A | K17: =J17*D17 -> 0 | M17: =VLOOKUP(P17,'BA-Schlüssel'!$A$5:$C$46,3,FALSE) -> #N/A
... A25: =VLOOKUP(C25,'BA-Schlüssel'!$A$5:$C$46,3,FALSE) -> #N/A | K25: =J25*D25 -> 0 | M25: =VLOOKUP(P25,'BA-Schlüssel'!$A$5:$C$46,3,FALSE) -> #N/A

Sheet 2 AusEin
A1: Positionsbeleg | D1: Abt.:
A2: Ausführung
A3: Ausgaben
A4: Datum | B4: Bezeichnung | C4: KJ | D4: Löhne | E4: Unternehmer | F4: Sachkosten | G4: Gesamt
D6: € | E6: € | F6: € | G6: €
A7: Veranschlagt
A18: Summe: | D18: =SUM(D8:D17) -> 0 | E18: =SUM(E8:E17) -> 0 | F18: =SUM(F8:F17) -> 0 | G18: =SUM(G8:G17) -> 0
A19: Einnahmen
A20: Rechnung | E20: Sortiment | F20: fm | G20: Gesamt
A21: vom | B21: Käufer | D21: Nr.: | F21: € | G21: €
F29: Summe: | G29: =SUM(G22:G28) -> 0

Sheet 2 Natural
A1: Holzernte
A2: HHJ | B2: Bemerkungen | C2: Fläche | D2: HAB- | H2: IST-Einschlag mit NH
C3: ha | D3: Name | E3: Eiche | F3: Buche | G3: S.Lbh. | H3: Fichte | I3: Dougl. | J3: Kiefer | K3: Lärche | L3: S.Ndh. | M3: Gesamt
E4: fm o.R. | F4: fm o.R. | G4: fm o.R. | H4: fm o.R. | I4: fm o.R. | J4: fm o.R. | K4: fm o.R. | L4: fm o.R. | M4: fm o.R.
M5: =SUM(E5:L5) -> 0
M6: =SUM(E6:L6) -> 0
M7: =SUM(E7:L7) -> 0
M8: =SUM(E8:L8) -> 0
A41: Sa.: | C41: =SUM(C5:C40) -> 0 | E41: =SUM(E5:E40) -> 0 | F41: =SUM(F5:F40) -> 0 | G41: =SUM(G5:G40) -> 0 | H41: =SUM(H5:H40) -> 0 | I41: =SUM(I5:I40) -> 0 | J41: =SUM(J5:J40) -> 0 | K41: =SUM(K5:K40) -> 0 | L41: =SUM(L5:L40) -> 0 | M41: =SUM(E41:L41) -> 0
A42: Einschlag je ha | M42: =M41/C41 -> #DIV/0!

Sheet 2 AFN HE
A1: Ausführungsnachweis Holzernte
A2: Datum | B2: Ort | C2: Maße | E2: Art der Arbeit oder Leistung | O2: Leistungsnachweis
A3: Zeit der | B3: Abt. | C3: (Fläche, | D3: Einheit | E3: Naturaldaten | O3: Arbeit- | P3: Aufwand/Material | S3: Abrechnung
A4: Ausführung | B4: U-Abt. | C4: Länge | D4: (ha, lfm, | E4: Baum- | F4: Arbeitsverfahren | G4: Ausführende / er | H4: EFM o.R. | I4: Sortimente | O4: Einsatz- | P4: Art | Q4: Einh. | R4: Menge
A5: Rechnung | C5: u. dgl.) | D5: cbm, ST | E5: art | H5: gesamt | I5: Abschn. | J5: Abschn | K5: Abschn | L5: ILN | M5: ISFK | N5: Palette | O5: Std. | S5: Einheit | T5: €
A6: vom | C6: in Ziffern | D6: u.a.) | E6: / en | I6: 2a + | J6: 1b | K6: 1 a
H16: =SUM(I16:N16) -> 0
H17: =SUM(I17:N17) -> 0
H18: =SUM(I18:N18) -> 0
H19: =SUM(I19:N19) -> 0
H20: =SUM(I20:N20) -> 0
H21: =SUM(I21:N21) -> 0
H22: =SUM(I22:N22) -> 0
H23: =SUM(I23:N23) -> 0
H24: =SUM(I24:N24) -> 0
H25: =SUM(I25:N25) -> 0
H26: =SUM(I26:N26) -> 0
H27: =SUM(I27:N27) -> 0
... H35: =SUM(I35:N35) -> 0
A36: Summen: | C36: =SUM(C7:C35) -> 0 | H36: =SUM(H7:H35) -> 0 | I36: =SUM(I7:I35) -> 0 | J36: =SUM(J7:J35) -> 0 | K36: =SUM(K7:K35) -> 0 | L36: =SUM(L7:L35) -> 0 | M36: =SUM(M7:M35) -> 0 | N36: =SUM(N7:N35) -> 0
A37: Bemerkungen:
P38: Gesamtkosten | S38: =H36*T7 -> 0
A39: Arbeitsverfahren: | D39: Harvester mit motormanueller Zufällung (Randbäume und für HV nicht erreichbar) | P39: Materialzugang: (plus)
A40: Witterung, Besonderheiten: | D40: Trocken, sonnig; Ausführung durch Subunternehmer Schröder (St. Vith) | P40: Materialreste: (minus)
P41: Wirkliche Kosten: | S41: =S38+S39-S40 -> 0

Sheet 2 AFN Sonstiges
A1: Ausführungsnachweis Sonstige Arbeiten
A2: Datum | B2: Ort | C2: Maße | E2: Art der Arbeit oder Leistung | M2: Leistungsnachweis
A3: Zeit der | B3: Abt. | C3: (Fläche, | D3: Einheit | E3: einfache Arbeiten oder Leistungen: | M3: Arbeit | N3: Aufwand/Material | Q3: Unternehmer
A4: Ausführung | B4: U-Abt. | C4: Länge | D4: (ha, lfm, | M4: Std. | N4: Art | O4: Einh. | P4: Menge | Q4: Einsatzart | R4: Einh. | S4: Menge
A5: Rechnung | C5: u. dgl.) | D5: cbm, ST
A6: vom | C6: in Ziffern | D6: u.a.)
A7: Zeit der | B7: Abt. | C7: (Fläche, | D7: Einheit | E7: bei Saat oder Pflanzung unter Verwendung von: | M7: Arbeit | N7: Aufwand/Material | Q7: Unternehmer
A8: Ausführung | B8: U-Abt. | C8: Länge | D8: (ha, lfm, | E8: Baum- | F8: Stück | G8: Sorte | H8: Verband | I8: bezogen von: | K8: Provenienz | L8: Saat- oder Pflanz= | M8: Std. | N8: Art | O8: Einh. | P8: Menge | Q8: Einsatzart | R8: Einh. | S8: Menge
A9: Rechnung | C9: u. dgl.) | D9: cbm, ST | E9: art | F9: kg | L9: methode, Gerät
A10: vom | C10: in Ziffern | D10: u.a.)
A11: Zeit der | B11: Abt. | C11: (Fläche, | D11: Einheit | E11: Pflanzung | M11: Arbeit | N11: Aufwand/Material | Q11: Unternehmer
A12: Ausführung | B12: U-Abt. | C12: Länge | D12: (ha, lfm, | E12: Baum- | F12: Pflanzverband | H12: Anzahl | I12: Anzahl | J12: Pflanzmethode | L12: Herkunft | M12: Std. | N12: Art | O12: Einh. | P12: Menge | Q12: Einsatzart | R12: Einh. | S12: Menge
A13: Rechnung | C13: u. dgl.) | D13: cbm, ST | E13: art | H13: Klumpen
A14: vom | C14: in Ziffern | D14: u.a.)
A15: Zeit der | B15: Abt. | C15: (Fläche, | D15: Einheit | E15: Wildschadensverhütung | M15: Arbeit | N15: Aufwand/Material | Q15: Unternehmer
A16: Ausführung | B16: U-Abt. | C16: Länge | D16: (ha, lfm, | E16: Baum- | F16: Schäl- | G16: Zaunbau | J16: Verbiß- u. | M16: Std. | N16: Art | O16: Einh. | P16: Menge | Q16: Einsatzart | R16: Einh. | S16: Menge
A17: Rechnung | C17: u. dgl.) | D17: cbm, ST | E17: art | F17: schutz | G17: Neubau | H17: Abbau | I17: Reparatur | J17: Fegeschutz
A18: vom | C18: in Ziffern | D18: u.a.) | F18: ha | G18: lfm | H18: lfm | I18: (lfm)
A19: Zeit der | B19: Abt. | C19: (Fläche, | D19: Einheit | E19: Waldschutz/Holzschutz | M19: Arbeit | N19: Aufwand/Material | Q19: Unternehmer
A20: Ausführung | B20: U-Abt. | C20: Länge | D20: (ha, lfm, | E20: Baum- | F20: Menge/Masse | H20: Schutz | I20: Mittel | L20: Wasser | M20: Std. | N20: Art | O20: Einh. | P20: Menge | Q20: Einsatzart | R20: Einh. | S20: Menge
A21: Rechnung | C21: u. dgl.) | D21: cbm, ST | E21: Holz- | F21: Einh. | G21: Quantum | H21: gegen: | I21: Einh. | J21: Art | K21: Menge | L21: Menge
A22: vom | C22: in Ziffern | D22: u.a.) | E22: art
A23: Zeit der | B23: Abt. | C23: (Fläche, | D23: Einheit | E23: Wegebau und Wasserbau | M23: Arbeit | N23: Aufwand/Material | Q23: Unternehmer
A24: Ausführung | B24: U-Abt. | C24: Länge | D24: (ha, lfm, | E24: Wege- | F24: Neubau | H24: Unterhaltung | J24: Material | L24: Wasserbau | M24: Std. | N24: Art | O24: Einh. | P24: Menge | Q24: Einsatzart | R24: Einh. | S24: Menge
A25: Rechnung | C25: u. dgl.) | D25: cbm, ST | E25: Nr.: | F25: Länge | G25: Breite | H25: Länge | I25: Breite | J25: Art / Einh. | K25: Menge
A26: vom | C26: in Ziffern | D26: u.a.) | F26: lfm | G26: m | H26: lfm | I26: m
J37: 0
A58: Summen: | C58: =SUM(C27:C57) -> 0 | H58: =SUM(H27:H57) -> 0 | I58: =SUM(I27:I57) -> 0 | M58: =SUM(M27:M57) -> 0 | P58: =SUM(P27:P57) -> 0
A59: Bemerkungen:
N60: Gesamtkosten | Q60: 0
A61: Arbeitsverfahren: | N61: Materialzugang: (plus)
A62: Witterung, Besonderheiten: | N62: Materialreste: (minus)
N63: Wirkliche Kosten: | Q63: =Q60+Q61-Q62 -> 0 | S63: ohne LNK
